 Dungeon Crawl Stone Soup version 0.25-a0-21-ga5a8db46c7 (webtiles) character file.

Game seed: 13013796415538898033, levelgen mode: deterministic

4878 Mort the Spear-Bearer (level 10, -2/79 HPs)
             Began as a Merfolk Monk on Oct 16, 2019.
             Was an Elder of Okawaru.
             Slain by a stone giant (20 damage)
             ... on level 9 of the Dungeon.
             The game lasted 00:40:26 (11766 turns).

Mort the Spear-Bearer (Merfolk Monk)               Turns: 11766, Time: 00:40:26

Health: -2/79      AC: 11    Str: 12    XL:     10   Next: 50%
Magic:  15/16      EV: 23    Int: 13    God:    Okawaru [****..]
Gold:   334        SH:  0    Dex: 21    Spells: 15/17 levels left

rFire    . . .     SeeInvis .   N - +1 trident
rCold    . . .     Gourm    .   (no shield)
rNeg     . . .     Faith    .   r - +0 scale mail
rPois    .         Spirit   .   (no helmet)
rElec    .         Reflect  .   E - +0 cloak
rCorr    .         Harm     .   (no gloves)
MR       .....                  d - +0 pair of boots
Stlth    ++++......             y - amulet of the acrobat
HPRegen  0.23/turn              (no ring)
MPRegen  0.15/turn              G - ring of wizardry

@: agile, about to teleport, heroism
A: change form in water, swift swim, stealthy swim
a: Heroism, Renounce Religion


You were on level 9 of the Dungeon.
You worshipped Okawaru.
Okawaru was greatly pleased with you.
You were not hungry.

You visited 2 branches of the dungeon, and saw 10 of its levels.

You collected 334 gold pieces.

Inventory:

Hand Weapons
 u - a +0 dagger of holy wrath
 N - a +1 trident (weapon)
Missiles
 j - 327 stones
 t - 112 arrows
 F - 24 poisoned darts (quivered)
Armour
 b - a +0 robe
 d - a +0 pair of boots (worn)
 i - a +0 leather armour
 r - a +0 scale mail (worn)
 E - a +0 cloak (worn)
Jewellery
 k - an uncursed amulet of guardian spirit
 y - an amulet of the acrobat (around neck)
 C - an uncursed ring of ice
 G - a ring of wizardry (right hand)
Wands
 a - a wand of polymorph (8)
 I - a wand of random effects (5)
 J - a wand of iceblast (4)
Scrolls
 e - 3 scrolls of identify
 f - 4 scrolls of teleportation
 o - a scroll of blinking {unknown}
 p - 2 scrolls of fear
 x - a scroll of enchant armour {unknown}
 z - 3 scrolls of amnesia {unknown}
 D - a scroll of magic mapping {unknown}
 K - a scroll of remove curse
 M - a scroll of random uselessness {unknown}
Potions
 g - a potion of curing
 h - a potion of mutation {unknown}
 l - a potion of cancellation {unknown}
 m - 2 potions of agility
 q - a potion of might {unknown}
 w - a potion of ambrosia {unknown}
 A - 4 potions of lignification {unknown}
 B - 3 potions of berserk rage {unknown}
 H - a potion of magic {unknown}
Comestibles
 c - 7 rations
 n - 3 chunks of flesh


   Skills:
 + Level 7.1(12.1) Fighting
 - Level 14.1(19.1) Polearms
 + Level 3.4(8.4) Armour
 + Level 8.6(13.6) Dodging
 - Level 2.1(7.1) Stealth
 - Level 4.2 Spellcasting
 - Level 5.3 Transmutations


You had 15 spell levels left.
You knew the following spells:

 Your Spells              Type           Power        Failure   Level  Hunger
a - Sticks to Snakes      Tmut           ###.....     6%          2    ##.....

Your spell library contained the following spells:

 Spells                   Type           Power        Failure   Level  Hunger
 Beastly Appendage        Tmut           ###...       4%          1    None
 Spider Form              Tmut/Pois      #.........   32%         3    ###....
 Blade Hands              Tmut           ###.......   67%         5    ######.
 Ice Form                 Ice/Tmut       #.......     69%         4    ####...


Dungeon Overview and Level Annotations

Branches:
Dungeon (9/15)             Temple (1/1) D:5
   Lair: D:8-11         Orc: D:9-12

Altars:
Ashenzari
Cheibriados
Dithmenos
Elyvilon
Fedhas
Gozag
Hepliaklqana
Kikubaaqudgha
Makhleb
Nemelex Xobeh
Okawaru
Qazlal
Ru
Sif Muna
Trog
Uskayaw
Vehumet
Wu Jian
Xom
Zin
Lugonu

Shops:
D:8 *


Message History

Press: ? - help, Shift-Dir - straight line, f/p - stone giant
Aim: a stone giant (lightly wounded)
The mass of ice explodes!
The iceblast engulfs the stone giant.
The stone giant is lightly wounded.
Some of the chunks of flesh in your inventory have rotted away.
You feel better. The stone giant barely misses you.
You feel better. The stone giant hits you!!
* * * LOW HITPOINT WARNING * * *
Unknown command.
As you read the scroll of teleportation, it crumbles to dust.
You feel strangely unstable. The stone giant closely misses you.
It was a potion of agility.
You feel agile all of a sudden. The stone giant misses you.
You hit the stone giant but do no damage.
The stone giant is lightly wounded.
You puncture the stone giant!
The stone giant is lightly wounded.
The stone giant hits you!!
You die...

#..# ########..#
..........###########
.......(.............
#..#############.................
.......C...# #.................
..#8..8#...# #...........>..>..
#..$.##..# #..........)......
#C...D ##.# #@...._...........
##$$$$ #.#####C................
##### #.(....†................
... #..##################### ._..
#..# #..# #..# +..# ...#


You could see a stone giant.

Vanquished Creatures
  A two-headed ogre (D:7)
  Pikel (D:7)
  A hippogriff (D:8)
  Sigmund (D:2)
  A wyvern (D:8)
  A hungry ghost (D:7)
  5 orc warriors
  An eye of draining (D:8)
  2 sky beasts
  An ice beast (D:7)
  5 ogres
  2 necrophages
  A phantom (D:6)
  A centaur (D:8)
  A wyvern zombie (D:9)
  2 bullfrogs (D:8)
  A scorpion (D:9)
  5 killer bees (D:7)
  4 wights
  A crimson imp (D:8)
  2 centaur zombies
  A bullfrog zombie (D:7)
  5 hounds
  A bullfrog skeleton (D:7)
  4 orc priests
  A centaur skeleton (D:5)
  2 iguanas
  2 orc wizards
  4 worker ants
  2 hound zombies
  A hound skeleton (D:8)
  3 gnolls (D:5)
  10 adders
  3 shadow imps
  2 adder skeletons
  2 worms (D:4)
  A dart slug (D:1)
  3 leopard geckos
  38 orcs
  8 bats
  4 giant cockroaches
  6 goblins
  5 hobgoblins
  8 jackals
  2 quokkas
  2 ball pythons (D:1)
  3 frilled lizards
  7 kobolds
  2 leopard gecko zombies
  6 rats
178 creatures vanquished.

Vanquished Creatures (others)
  A scorpion (D:8)
1 creature vanquished.

Grand Total: 179 creatures vanquished

Notes
Turn   | Place    | Note
-------+----------+-------------------------------------------
     0 | D:1      | Mort the Merfolk Monk began the quest for the Orb.
     0 | D:1      | Reached XP level 1. HP: 18/18 MP: 1/1
   480 | D:1      | Reached skill level 5 in Polearms
   501 | D:1      | Reached XP level 2. HP: 24/24 MP: 2/2
  1243 | D:2      | Noticed Sigmund
  1380 | D:2      | Reached skill level 6 in Polearms
  1380 | D:2      | Reached XP level 3. HP: 29/29 MP: 3/3
  1694 | D:2      | Reached XP level 4. HP: 35/35 MP: 4/4
  1703 | D:2      | Reached skill level 7 in Polearms
  1834 | D:2      | Found a faded altar of an unknown god.
  2126 | D:2      | Killed Sigmund
  2126 | D:2      | Reached skill level 9 in Polearms
  2126 | D:2      | Reached XP level 5. HP: 41/41 MP: 5/5
  2221 | D:3      | Learned a level 2 spell: Sticks to Snakes
  2239 | D:3      | Reached XP level 6. HP: 46/47 MP: 6/6
  2454 | D:3      | Reached skill level 1 in Transmutations
  2548 | D:3      | Found a hazy altar of Hepliaklqana.
  3084 | D:4      | Found a shimmering blue altar of Sif Muna.
  3472 | D:4      | Noticed a moth of wrath
  3476 | D:4      | Found a bloodstained altar of Trog.
  3945 | D:5      | Entered Level 5 of the Dungeon
  4103 | D:5      | Found a staircase to the Ecumenical Temple.
  4116 | D:5      | Reached skill level 10 in Polearms
  4122 | Temple   | Entered the Ecumenical Temple
  4371 | D:5      | Reached XP level 7. HP: 20/52 MP: 7/7
  5148 | Temple   | Became a worshipper of Warmaster Okawaru
  5148 | Temple   | Reached * piety under Okawaru
  5148 | Temple   | Reached ** piety under Okawaru
  5885 | D:5      | Reached skill level 11 in Polearms
  6038 | D:6      | Found a stormy altar of Qazlal.
  6605 | D:6      | Reached skill level 12 in Polearms
  6605 | D:6      | Reached XP level 8. HP: 58/58 MP: 8/8
  6726 | D:6      | Found a sparkling altar of Nemelex Xobeh.
  7247 | D:7      | Reached skill level 5 in Transmutations
  7267 | D:7      | Reached *** piety under Okawaru
  7283 | D:7      | Found a shimmering altar of Xom.
  7348 | D:7      | Reached skill level 1 in Spellcasting
  7403 | D:7      | Reached skill level 13 in Polearms
  7466 | D:7      | Found a sparkling altar of Nemelex Xobeh.
  7576 | D:7      | Noticed a two-headed ogre
  7627 | D:7      | Killed a two-headed ogre
  7627 | D:7      | Reached **** piety under Okawaru
  7627 | D:7      | Reached skill level 14 in Polearms
  7627 | D:7      | Reached XP level 9. HP: 28/64 MP: 11/15
  7978 | D:7      | Found a shattered altar of Ashenzari.
  9021 | D:8      | Reached skill level 5 in Dodging
  9184 | D:8      | Found Paizidey's General Store.
  9635 | D:8      | Found an opulent altar of Gozag.
  9668 | D:8      | Reached skill level 5 in Fighting
  9678 | D:8      | Reached skill level 1 in Armour
  9693 | D:8      | Noticed Pikel
 10343 | D:7      | Killed Pikel
 10343 | D:7      | Reached XP level 10. HP: 58/76 MP: 16/16
 10976 | D:8      | Found a radiant altar of Vehumet.
 10977 | D:8      | Found an ornate altar of the Wu Jian Council.
 11696 | D:9      | Found a glowing silver altar of Zin.
 11741 | D:9      | Found a bloodstained altar of Trog.
 11741 | D:9      | Noticed a stone giant
 11741 | D:9      | Noticed a seven-headed hydra
 11766 | D:9      | Slain by a stone giant

Levels and vault maps discovered:
D:1:      dpeg_arrival_windows_large_door, layout_basic
D:2:      layout_loops_ring, first_ration,
          chequers_ecumenical_altar_simple_redux, wad_floor_pattern_2,
          st_stairs_14, uniq_sigmund
D:3:      layout_loops_ring, nicolae_overflow_hidden_temple,
          minmay_misc_feat_diagonals, wad_floor_pattern_1
D:4:      layout_loops_cross, tgw_trog, old_standard_altar
D:5:      layout_basic, minmay_temple_entry_wispy, st_stairs_10
D:6:      layout_loops_ring, kennysheep_little_box,
          nemelex_xobeh_ov_fountains_minmay, hangedman_abyss_or_decor_stabs,
          minivault_27
D:7:      layout_loops_ring, nicolae_overflow_crystal_walls,
          lemuel_crystal_altar, nemelex_spade_bored_becter
D:8:      layout_cave_pools, chequers_temple_overflow_statue_of_worship,
          serial_shops, shop, uniq_pikel
D:9:      layout_long_grid, grunt_temple_overflow_holy_war,
          overflow_temple_1_default, lair_entry_dummy, orc_0_dummy,
          grunt_livestock, jmf_multi_god_temple
Temple:   kb_corrupted_temple

Skill      XL: |  1  2  3  4  5  6  7  8  9 10 |
---------------+-------------------------------+-----
Polearms       | 5 6 9 10 12 14 | 14.1
Transmutations | 3 4 5 |  5.3
Spellcasting   | 4 |  4.2
Fighting       | 6 7 |  7.1
Dodging        | 7 8 |  8.6
Armour         | 2 3 |  3.4
Stealth        | |  2.1

Action                   |  1- 3 |  4- 6 |  7- 9 | 10-12 || total
-------------------------+-------+-------+-------+-------++-------
Melee: Spear             |    79 |   199 |       |       ||   278
       Trident           |       |    43 |   494 |   199 ||   736
       Punch             |       |       |     1 |     1 ||     2
Throw: Stone             |    13 |     3 |     1 |       ||    17
       Dart              |       |       |    10 |     3 ||    13
Invok: Heroism           |       |       |     8 |     8 ||    16
Evoke: Wand              |       |     2 |     4 |     1 ||     7
  Use: Scroll            |       |     7 |     2 |     1 ||    10
       Potion            |       |       |       |     3 ||     3
 Stab: Sleeping          |     6 |       |       |       ||     6
       Paralysed         |       |    11 |     5 |       ||    16
  Eat: Chunk             |     2 |     8 |    17 |     3 ||    30
       Ration            |       |       |     1 |     1 ||     2
Armor: Leather armour    |     6 |     3 |       |       ||     9
       Scale mail        |       |    35 |   113 |    41 ||   189
Dodge: Dodged            |    30 |    62 |   223 |   102 ||   417

Table legend:
 A = Non-vault XP
 B = Vault XP
 C = Vault XP percentage of total XP
 D = Non-vault monster count
 E = Vault monster count
 F = Vault count percentage of total count
                 A         B        C        D         E       F
            +---------+---------+-------+---------+---------+-------
      Total |    6030 |     939 |  13.5 |     169 |       9 |   5.1
            +---------+---------+-------+---------+---------+-------
        D:1 |      25 |       0 |   0.0 |      15 |       0 |   0.0
        D:2 |      68 |     229 |  77.1 |      17 |       2 |  10.5
        D:3 |     110 |       0 |   0.0 |      24 |       0 |   0.0
        D:4 |      46 |      13 |  22.0 |       7 |       5 |  41.7
        D:5 |     361 |      34 |   8.6 |      15 |       1 |   6.2
        D:6 |     517 |       0 |   0.0 |      15 |       0 |   0.0
        D:7 |    2288 |     663 |  22.5 |      32 |       1 |   3.0
        D:8 |    2119 |       0 |   0.0 |      31 |       0 |   0.0
        D:9 |     496 |       0 |   0.0 |      13 |       0 |   0.0
            +---------+---------+-------+---------+---------+-------
